 Dungeon Crawl Stone Soup version 0.22.0-18-ge075c0de6d (webtiles) character file.

127 Kniotic the Conjurer (level 4, 0/33 HPs)
             Began as a Demigod Conjurer on Aug 18, 2018.
             Killed from afar by an orc wizard (11 damage)
             ... with a puff of flame
             ... on level 3 of the Dungeon.
             The game lasted 00:05:25 (3070 turns).

Kniotic the Conjurer (Demigod Conjurer)             Turns: 3070, Time: 00:05:26

Health: 0/33       AC:  2    Str: 11    XL:     4   Next: 56%
Magic:  8/11       EV: 12    Int: 25    God:
Gold:   120        SH:  0    Dex: 16    Spells: 8/9 levels left

rFire    . . .     SeeInvis .   l - +2 whip (flame)
rCold    . . .     Gourm    .   (no shield)
rNeg     . . .     Faith    .   a - +0 robe
rPois    .         Spirit   .   (no helmet)
rElec    .         Reflect  .   (no cloak)
rCorr    .         Harm     .   (no gloves)
MR       .....                  (no boots)
Stlth    +.........             (no amulet)
HPRegen  0.11/turn              b - +4 ring of intelligence
MPRegen  0.12/turn              (no ring)

@: confused
A: high mp 1
a: no special abilities


You were on level 3 of the Dungeon.
You were not hungry.

You visited 1 branch of the dungeon, and saw 3 of its levels.

You collected 120 gold pieces.

Inventory:

Hand Weapons
 l - a +2 whip of flaming (weapon)
Armour
 a - a +0 robe (worn)
Jewellery
 b - a +4 ring of intelligence (left hand)
Scrolls
 e - 6 scrolls of identify {unknown}
 f - a scroll of enchant armour {unknown}
 g - a scroll of fear {unknown}
 h - a scroll of remove curse {unknown}
 i - a scroll of random uselessness {unknown}
 j - 2 scrolls of teleportation {unknown}
 n - a scroll of immolation {unknown}
 o - a scroll of fog {unknown}
Potions
 d - a potion of lignification {unknown}
 k - 3 potions of curing
 m - a potion of magic {unknown}
 p - a potion of cancellation {unknown}
Comestibles
 c - 7 rations
 q - a chunk of flesh


   Skills:
 - Level 1.7 Dodging
 - Level 1.7 Stealth
 + Level 3.2 Spellcasting
 + Level 4.7 Conjurations


You had 8 spell levels left.
You knew the following spells:

 Your Spells              Type           Power        Failure   Level  Hunger
a - Magic Dart            Conj           ####         1%          1    None

Your spell library contained the following spells:

 Spells                   Type           Power        Failure   Level  Hunger
 Searing Ray              Conj           ####..       1%          2    #......
 Dazzling Spray           Conj/Hex       ###...       11%         3    ###....
 Iskenderun's Mystic Bla  Conj           ####....     14%         4    ####...
 Force Lance              Conj/Tloc      ###.....     36%         4    ####...
 Fulminant Prism          Conj/Hex       ###.......   36%         4    ####...


Dungeon Overview and Level Annotations

Branches:
Dungeon (3/15)

Annotations:
D:1 Terence


Innate Abilities, Weirdness & Mutations

You have an increased reservoir of magic. (+10% MP)


Message History

You miss something. Something hits you but does no damage.
You barely miss something. Something hits you.
You closely miss something. Something hits you.
You barely miss something.
You hear some strange, mumbled words.
A puff of flame appears from out of thin air!
The puff of flame misses you.
You miss something.
You hear some strange, mumbled words.
You are confused.
You bump into the rock wall.
You hear some strange, mumbled words.
A magic dart appears from out of thin air!
The magic dart hits you!
You bump into the rock wall.
Something hits you.
You're too confused to move!
You hear some strange, mumbled words.
A puff of flame appears from out of thin air!
The puff of flame hits you!
You die...

##.....## ###.#
##.......## ##.#.#
##.........####....###
'.........'..........
#........<####...####
#.......## ##.##
##.....## #.#
######{..## #.#
#$....@.[# #.#
#.#####..# #.# #....#
#.# #.#..###### #.#
#.###.......... ..#
#.........#####
#####....##
#...(.....#
.......#.#.#


There were no monsters in sight!

Vanquished Creatures
  5 adders (D:2)
  A worm (D:3)
  2 dart slugs
  A leopard gecko (D:2)
  7 orcs (D:3)
  6 bats
  3 giant cockroaches
  7 goblins
  3 hobgoblins
  6 jackals (D:2)
  11 kobolds
  2 quokkas (D:2)
  2 ball pythons
  6 frilled lizards
  9 rats
71 creatures vanquished.

Notes
Turn   | Place    | Note
-------+----------+-------------------------------------------
     0 | D:1      | Kniotic the Demigod Conjurer began the quest for the Orb.
     0 | D:1      | Reached XP level 1. HP: 14/14 MP: 5/5
   358 | D:1      | Reached XP level 2. HP: 20/20 MP: 4/7
   545 | D:1      | Reached skill level 4 in Conjurations
   762 | D:2      | Noticed Terence
   860 | D:1      | HP: 1/20 [Terence/flail (7)]
  1200 | D:2      | Reached XP level 3. HP: 18/26 MP: 5/9
  1670 | D:2      | Reached XP level 4. HP: 33/33 MP: 0/11
  2690 | D:3      | Found a white marble altar of Elyvilon.
  2690 | D:3      | Found a blossoming altar of Fedhas.
  3070 | D:3      | Killed from afar by an orc wizard

Skill      XL: |  1  2  3 |
---------------+----------+-----
Spellcasting   | 2 3 |  3.2
Conjurations   | 4 |  4.7
Dodging        | |  1.7
Stealth        | |  1.7

Action                   |  1- 3 |  4- 6 || total
-------------------------+-------+-------++-------
Melee: Unarmed           |     1 |       ||     1
       Whip              |     7 |    12 ||    19
 Cast: Magic Dart        |   101 |    67 ||   168
  Eat: Chunk             |     3 |     4 ||     7
Armor: Robe              |     4 |     3 ||     7
Dodge: Dodged            |    26 |     9 ||    35
